[Event "Early-Titled-Tuesday-Blitz-June-18-2024"]
[Site "Chess.com"]
[Date "2024.06.18"]
[Round "11"]
[White "amylazy"]
[Black "Senn71"]
[Result "1-0"]
[WhiteElo "2462"]
[BlackElo "2352"]
[TimeControl "180+1"]
[EndTime "10:09:01 PDT"]
[Termination "amylazy won on time"]

1. d4 d5 2. c4 c6 3. Nf3 Nf6 4. Qc2 dxc4 5. Qxc4 Bf5 6. g3 e6 7. Bg2 Nbd7 8. O-O Be7 9. e3 O-O 10. Qe2 h6 11. Rd1 a5 12. h3 a4 13. Nc3 Ne4 14. Nd2 Nxd2 15. Bxd2 Qb6 16. e4 Bg6 17. Be3 Qa5 18.
Kh2 Rfe8 19. Rac1 Rad8 20. Qc4 Nb6 21. Qe2 Rd7 22. d5 cxd5 23. Bxb6 Qxb6 24. exd5 Bg5 25. f4 Bf6 26. dxe6 Rxe6 27. Qf3 Rxd1 28. Nxd1 Be4 29. Rc8+ Kh7 30. Qg4 Bxg2 31. Kxg2 Qb5 32. Rc2 Qd5+ 33. Qf3 Qxa2 34. Qd3+ g6 35. Rc7 Re7 36. Rxe7 Bxe7 37. f5 a3 38. fxg6+ fxg6 39. Qd7 Kg8 40. Qxe7 Qd5+ 41.
Kf2 Qxd1 42. Qe6+ Kg7 43. Qe7+ Kg8 44. bxa3 Qd2+ 45. Kf3 Qc3+ 46. Kf4 Qd2+ 47. Ke5 Qe3+ 48. Kf6 Qg5+ 49. Ke6 Qxg3 50. Qf7+ Kh8 51. Qf6+ Kh7 52. Qe7+ Kh8 53. Kf7 Qf4+ 54. Kxg6 Qg3+ 55. Kf7 Qf4+ 56. Qf6+ Qxf6+ 57. Kxf6 Kh7 58. h4 b6 59. h5 b5 60. Kf7 Kh8 61. Kg6 Kg8 62. Kxh6 Kh8 63. Kg6 Kg8 64. Kf6 Kh7 65. Ke5 Kh6 66. Kd5 Kxh5 67.
Kc5 Kg6 68. Kxb5 Kf7 69. Kc6 Ke8 70. Kb7 1-0

[Event "Early-Titled-Tuesday-Blitz-June-18-2024"]
[Site "Chess.com"]
[Date "2024.06.18"]
[Round "11"]
[White "DominguezOnYoutube"]
[Black "dropstoneDP"]
[Result "1-0"]
[WhiteElo "2931"]
[BlackElo "2978"]
[TimeControl "180+1"]
[EndTime "10:09:03 PDT"]
[Termination "DominguezOnYoutube won by resignation"]

1. e4 e5 2. Nf3 Nf6 3. Nxe5 d6 4. Nf3 Nxe4 5. d4 d5 6. Bd3 Bd6 7. O-O O-O 8. c4 c6 9. Re1 Re8 10. cxd5 cxd5 11. Nc3 Nxc3 12. Rxe8+ Qxe8 13. bxc3 Nd7 14.
Qb3 Nb6 15. Ba3 Bxa3 16. Qxa3 h6 17. Re1 Be6 18. h3 Qc8 19. Ne5 Nd7 20. Qc1 Nxe5 21. Rxe5 Qc6 22. Re3 Rc8 23. Bb1 Qb6 24. Qc2 g6 25.
Rg3 Kf8 26. Qc1 Qxd4 27. Qxh6+ Qg7 28. Qe3 Qf6 29. Rf3 Bf5 30. g4 d4 31. cxd4 Re8 32. Qd2 Qc6 33. Rc3 Qe6 34. Re3 Qb6 35. Rb3 Qxb3 36.
axb3 Bxb1 37. Qc1 Be4 38. Qc5+ Kg8 39. Kh2 Rd8 40. Qe7 Rxd4 41. Qe8+ Kh7 42. Qxf7+ Kh6 43. Qf8+ Kh7 44. Qe7+ Kg8 45. Qe8+ Kh7 46. Qe5 Rd2 47.
Qxe4 Rxf2+ 48. Kg3 Rf7 49. Qe6 Kg7 50. h4 b6 51. h5 gxh5 52. g5 Kf8 53. Kh4 Re7 54. Qd6 Kf7 55. Kxh5 Re1 56. Qd5+ Kg7 57. Qd4+ Kf7 58.
Qc4+ Kf8 59. Qb4+ Re7 60. g6 Ke8 61. Qxe7+ 1-0

[Event "Early-Titled-Tuesday-Blitz-June-18-2024"]
[Site "Chess.com"]
[Date "2024.06.18"]
[Round "11"]
[White "suyu28"]
[Black "averageFM"]
[Result "1-0"]
[WhiteElo "2764"]
[BlackElo "2579"]
[TimeControl "180+1"]
[EndTime "10:09:03 PDT"]
[Termination "suyu28 won by resignation"]

1. e4 e5 2. Nf3 Nc6 3. Bb5 a6 4. Ba4 Nf6 5. O-O Bc5 6. Bxc6 dxc6 7. d3 Qe7 8. Nbd2 O-O 9. Nc4 Nd7 10. Be3 Bd6 11. a4 Rd8 12. a5 Nf8 13. Re1 Ng6 14. c3 Bg4 15. h3 Be6 16. Qc2 Rf8 17. b4 h6 18. Rad1 Rad8 19. Ncd2 Kh7 20. d4 exd4 21.
Bxd4 c5 22. e5 cxd4 23. exd6 Qxd6 24. Nxd4 Bd5 25. Ne4 Bxe4 26. Qxe4 c6 27. g3 Qf6 28. h4 Kg8 29. h5 Nh8 30. Nf5 g6 31. hxg6 Nxg6 32.
Nxh6+ Kh7 33. Nf5 Rfe8 34. Qf3 Qg5 35. Kg2 Rxe1 36. Rxe1 Rd5 37. Rh1+ Kg8 38. Rh5 Nf4+ 39.
Qxf4 Qxh5 40. Ne7+ Kf8 41. Nxd5 Qxd5+ 42. Qf3 Qd2 43.
Qe3 Qd5+ 44. Kg1 Qd1+ 45. Kh2 Qh5+ 46. Kg2 Qd5+ 47. Qf3 Qd2 48. g4 Qc1 49. Qe3 Qd1 50. Qc5+ Kg8 51. Qd4 Qe1 52. Kg3 Qg1+ 53. Kf4 Qh2+ 54. Kf5 Qh7+ 55. Ke5 Qg7+ 56. Kd6 Qg6+ 57. Kc7 f5 58. gxf5 Qf7+ 59. Kb8 Qxf5 60. Kxb7 Qf3 61.
Kxa6 1-0

[Event "Early-Titled-Tuesday-Blitz-June-18-2024"]
[Site "Chess.com"]
[Date "2024.06.18"]
[Round "11"]
[White "rionelG"]
[Black "JanMur7"]
[Result "0-1"]
[WhiteElo "2346"]
[BlackElo "2271"]
[TimeControl "180+1"]
[EndTime "10:09:03 PDT"]
[Termination "JanMur7 won by resignation"]

1. e4 g6 2. d4 Bg7 3. Nc3 c5 4. dxc5 Bxc3+ 5. bxc3 Nf6 6. e5 Ne4 7. Qd4 Qa5 8. Ne2 Nxc5 9. e6 O-O 10. exf7+ Rxf7 11. Bd2 Nc6 12. Qh4 Ne5 13. Nd4 d5 14. Be2 Ne4 15. Nb3 Qc7 16. O-O Nxd2 17. Nxd2 Qxc3 18. Nf3 Nxf3+ 19. Bxf3 Rxf3 20. gxf3 Qxf3 21. Rfe1 Bh3 22.
Qg3 Qxg3+ 23. hxg3 e6 24. f3 h5 25. Rab1 b6 26. Rb4 Bf5 27. c4 d4 28. Kf2 Rd8 29.
Rd1 Kf7 30. Rb5 Kf6 31. f4 g5 32. Rd2 gxf4 33. gxf4 d3 34. Ke3 h4 35. c5 bxc5 36. Rxc5 h3 37. Rc7 Rg8 38. Rxa7 Rg3+ 39. Kd4 Rg2 40. Rxd3 Bxd3 41. Kxd3 Rg7 42. Ra8 Rh7 43.
Rf8+ Kg7 44. Rb8 h2 45. Rb1 h1=Q 46. Rxh1 Rxh1 47. Kc3 Ra1 48. Kb2 Rf1 49. a4 Rxf4 50. Kb3 Kf7 51. a5 Ke7 52. a6 Rf8 53. Kb4 e5 54.
Kc5 Ra8 55. Kb6 e4 56. Kb7 Rxa6 57. Kxa6 e3 58. Kb5 e2 59. Kc4 e1=Q 60. Kd3 Qe5 0-1

[Event "Early-Titled-Tuesday-Blitz-June-18-2024"]
[Site "Chess.com"]
[Date "2024.06.18"]
[Round "11"]
[White "Individoom"]
[Black "scarabee43"]
[Result "1/2-1/2"]
[WhiteElo "2818"]
[BlackElo "2884"]
[TimeControl "180+1"]
[EndTime "10:09:04 PDT"]
[Termination "Game drawn by repetition"]

1. d4 Nf6 2. Nf3 d5 3. Bf4 Bf5 4. e3 e6 5. c4 Nbd7 6. Nc3 Be7 7. h3 h6 8. Qb3 dxc4 9. Bxc4 Nb6 10. Be2 O-O 11. O-O a5 12. a3 a4 13. Qd1 Nfd5 14. Nxd5 Nxd5 15. Bg3 c5 16. Rc1 Qb6 17. Qd2 Rfc8 18.
dxc5 Bxc5 19. Nd4 Bg6 20. Bf3 Bxd4 21. exd4 Rc6 22. Rxc6 bxc6 23. Rc1 Ra7 24. Bd6 Rb7 25. Bxd5 cxd5 26. Bb4 Rb8 27. Qf4 Re8 28. Kh2 Kh7 29. f3 f6 30. Re1 Rc8 31. Bc3 Rc4 32. Qe3 Qd6+ 33. Kh1 Rc6 34. Qe2 Qg3 35. Rf1 Rb6 36.
Qf2 Qb8 37. Re1 Bf5 38. Qe3 Qg3 39. Rf1 Rc6 40. Qf2 Qb8 41. Re1 Qb5 42. Qd2 Qb7 43. Qe3 Qc7 44. Qf2 Kg8 45. Qh4 Kf7 46.
Qh5+ Bg6 47. Qh4 Qb8 48. Qf2 Qb3 49. Qd2 Qc4 50. Kh2 Bf5 51. Qf4 Qb5 52. g4 Bg6 53. h4 Qb3 54. Re2 Qd1 55. Rd2 Qf1 56. h5 Bd3 57. Rg2 Rc4 58. Qd6 Be2 59. Qd7+ Kf8 60.
Qd8+ Kf7 61. Qd7+ Kf8 62. Qd6+ Kf7 63. Qd7+ 1/2-1/2

[Event "Early-Titled-Tuesday-Blitz-June-18-2024"]
[Site "Chess.com"]
[Date "2024.06.18"]
[Round "11"]
[White "snowlord"]
[Black "Rutricks"]
[Result "0-1"]
[WhiteElo "2944"]
[BlackElo "2783"]
[TimeControl "180+1"]
[EndTime "10:09:07 PDT"]
[Termination "Rutricks won on time"]

1. c4 g6 2. d4 Bg7 3. Nf3 d6 4. Nc3 Nd7 5. Bg5 h6 6. Bh4 Ngf6 7. e3 g5 8. Bg3 Nh5 9. Qc2 b6 10. Bd3 e6 11. Be4 Rb8 12. Nb5 f5 13. Bc6 a6 14.
Na7 O-O 15. Nxc8 Rxc8 16. O-O Qe7 17. Bb7 Rcd8 18. Bxa6 e5 19. Qe2 exd4 20. Rae1 Nc5 21. Bb5 dxe3 22. Nd2 Nxg3 23. hxg3 exf2+ 24. Qxf2 Qf6 25. Qe2 Qxb2 26. Nb3 Qxe2 27. Rxe2 Ne4 28. Re3 Be5 29. Bc6 Nxg3 30. Rxe5 dxe5 31. Rf3 Rd1+ 32. Kf2 Ne4+ 33. Ke2 Rg1 34. Ke3 Rd8 35. Bd5+ Kg7 36. Rxf5 Nd6 37. Rf2 Re1+ 38. Kd2 Rb1 39. Kc2 Rg1 40. Nd2 Rf8 41. Re2 Rf5 42. Nf3 Ra1 43. Kb2 Rf1 44.
Nxe5 R1f2 45. Rxf2 Rxf2+ 46. Kb3 h5 47. a4 g4 48. Nc6 Kf6 49. c5 bxc5 50. a5 c4+ 51.
Kb4 c3 52. Kxc3 Nc8 53. a6 h4 54. a7 Nxa7 55. Nxa7 Ke5 56. Bb7 Kf4 57. Nb5 Kg3 58. Nxc7 Rxg2 59. Ne6 h3 60. Nd4 h2 61. Nf5+ Kf2 62.
Bxg2 Kxg2 63. Ne3+ Kf3 0-1

[Event "Early-Titled-Tuesday-Blitz-June-18-2024"]
[Site "Chess.com"]
[Date "2024.06.18"]
[Round "11"]
[White "Feegus"]
[Black "ulises2013"]
[Result "0-1"]
[WhiteElo "2690"]
[BlackElo "2863"]
[TimeControl "180+1"]
[EndTime "10:09:07 PDT"]
[Termination "ulises2013 won by checkmate"]

1. e4 g6 2. d4 Bg7 3. Nc3 c5 4. Be3 Qa5 5. Ne2 Nf6 6. f3 cxd4 7. Nxd4 Nc6 8. Nb3 Qc7 9. Be2 d6 10. Qd2 Be6 11. h4 h5 12. O-O-O a6 13. Kb1 b5 14. Nd5 Bxd5 15. exd5 Ne5 16. Na5 O-O 17. Bd4 Nfd7 18. g4 b4 19. Nc6 Nxc6 20. Bxg7 Kxg7 21. dxc6 Qxc6 22. gxh5 Rh8 23. hxg6 fxg6 24. Bd3 Qxf3 25. Rhg1 Ne5 26. Qg5 Qf6 27. Qg2 Raf8 28. Rdf1 Qxh4 29. Rxf8 Rxf8 30. Bxg6 Rf2 31. Qe4 Qxe4 32. Bxe4+ Kf7 33. Bd5+ e6 34. Be4 d5 35. Bg2 Ke7 36. a3 a5 37.
axb4 axb4 38. b3 Kd6 39. Bf1 Rh2 40. Ba6 Nc6 41. Kb2 Nd4 42. Bd3 e5 43. Rg6+ Ke7 44. Rg5 Kd6 45. Rg6+ Kc5 46. Rg5 Nc6 47. Bf5 Rf2 48. Be6 Kd6 49. Bg8 Nd4 50. Rg6+ Kc5 51.
Rg5 Rxc2+ 52. Kb1 Re2 53. Bh7 Nxb3 54. Rg8 Nd4 55. Rc8+ Kb6 56. Bg8 Nb5 57. Kc1 Nc3 58. Rd8 Kc5 59. Rc8+ Kd4 60. Rb8 Ke3 61. Rxb4 Na2+ 62.
Kd1 Nxb4 63. Bxd5 Rd2+ 64. Ke1 Nxd5 65. Kf1 Nc3 66. Kg1 Rf2 67. Kh1 Kf3 68. Kg1 e4 69. Kh1 e3 70. Kg1 e2 71. Kh1 e1=Q# 0-1

[Event "Early-Titled-Tuesday-Blitz-June-18-2024"]
[Site "Chess.com"]
[Date "2024.06.18"]
[Round "11"]
[White "Rosh1610"]
[Black "FARIZA2018"]
[Result "0-1"]
[WhiteElo "2478"]
[BlackElo "2594"]
[TimeControl "180+1"]
[EndTime "10:09:07 PDT"]
[Termination "FARIZA2018 won by resignation"]

1. e4 e5 2. Nf3 Nc6 3. Bb5 a6 4. Ba4 Nf6 5. O-O Be7 6. Re1 b5 7. Bb3 O-O 8. d4 d6 9. c3 Bg4 10.
h3 Bxf3 11. Qxf3 exd4 12. Bf4 dxc3 13. Nxc3 Nd4 14. Qd1 Nxb3 15. Qxb3 Qd7 16. Rad1 Qe6 17. Qxe6 fxe6 18. e5 dxe5 19. Bxe5 b4 20. Na4 Nd5 21.
Bg3 Rf6 22. Rxd5 exd5 23. Rxe7 Rf7 24. Rxf7 Kxf7 25. Nc5 c6 26. Be5 a5 27. b3 Re8 28.
f4 g5 29. g3 h5 30. Nb7 Ke6 31. h4 gxf4 32. gxf4 Rg8+ 33. Kf2 Kf5 34. Nxa5 c5 35.
Nb7 c4 36. bxc4 dxc4 37. Nd6+ Kg4 38. Nxc4 Ra8 39. Ne3+ Kxh4 40. Bf6+ Kh3 41. Be7 Rxa2+ 42. Kf3 b3 43. Bf6 b2 44. Bxb2 Rxb2 45. f5 Rb6 46.
Nd5 Rd6 47. Ke4 Kg3 48. f6 h4 49. f7 Rd8 50. Ke5 Rf8 51. Ke6 Rxf7 52. Kxf7 Kf3 53.
Nf6 h3 54. Nh7 h2 55. Ng5+ Ke3 56. Ne6 h1=Q 57. Ng7 Qd5+ 58. Kg6 Kf4 59. Nh5+ Ke5 60. Ng7 Qg2+ 61. Kf7 Qf3+ 62. Kg8 Kf6 63. Ne8+ Kg6 64.
Kh8 0-1

[Event "Early-Titled-Tuesday-Blitz-June-18-2024"]
[Site "Chess.com"]
[Date "2024.06.18"]
[Round "11"]
[White "patzer-reloaded"]
[Black "DinaBelenkaya"]
[Result "1/2-1/2"]
[WhiteElo "2454"]
[BlackElo "2348"]
[TimeControl "180+1"]
[EndTime "10:09:08 PDT"]
[Termination "Game drawn - insufficient material"]

1. d4 d5 2. c4 dxc4 3. e3 Nf6 4. Bxc4 a6 5. Nf3 Nc6 6. O-O e6 7. Nc3 b5 8. Bb3 Bb7 9. d5 exd5 10. Nxd5 Nxd5 11. Bxd5 Na5 12. e4 Be7 13. Bd2 c6 14. Bxf7+ Kxf7 15. Ne5+ Kf8 16. Bxa5 Qxa5 17. Qb3 Ke8 18.
Qf7+ Kd8 19. Rfd1+ Kc8 20. Qxe7 Rd8 21. Rd7 Rxd7 22.
Qxd7+ Kb8 23. Nxc6+ Bxc6 24. Qxc6 Ra7 25. Rd1 Rb7 26. a3 b4 27. a4 b3 28. h3 Ka7 29.
f4 Qb4 30. Kh2 Qe7 31. e5 g5 32. Qf6 gxf4 33. Qxe7 Rxe7 34. Re1 h5 35. Kg1 Kb6 36.
Kf2 Kc5 37. Kf3 Kb4 38. Re4+ Kc5 39. Kxf4 a5 40. Kf5 Rf7+ 41. Ke6 Rf2 42. Kd7 Rxb2 43. e6 Rd2+ 44. Kc7 b2 45. e7 b1=Q 46. e8=Q Qb6+ 47. Kc8 Qa6+ 48. Kc7 Qa7+ 49. Kc8 Qa8+ 50. Kc7 Qa7+ 51.
Kc8 Qa8+ 52. Kc7 Qxe8 53. Rxe8 Rxg2 54. Re5+ Kb4 55. Rxh5 Kxa4 56. Rh8 Kb4 57. h4 a4 58. h5 a3 59. h6 Rg5 60. h7 Rh5 61. Rb8+ Kc3 62. h8=Q+ Rxh8 63. Rxh8 a2 64. Rh3+ Kb2 65. Rh2+ Kb1 66. Rh1+ Kb2 67. Kc6 a1=Q 68. Rxa1 Kxa1 1/2-1/2

[Event "Early-Titled-Tuesday-Blitz-June-18-2024"]
[Site "Chess.com"]
[Date "2024.06.18"]
[Round "11"]
[White "Andrey-Ivanov2011"]
[Black "mfschulz"]
[Result "1-0"]
[WhiteElo "2108"]
[BlackElo "2188"]
[TimeControl "180+1"]
[EndTime "10:09:09 PDT"]
[Termination "Andrey-Ivanov2011 won on time"]

1. e4 c5 2. Nf3 Nc6 3. d4 cxd4 4. Nxd4 g6 5. Nc3 Bg7 6. Be3 Nf6 7. f3 O-O 8. Qd2 d5 9. Nxc6 bxc6 10. exd5 Nxd5 11.
Nxd5 cxd5 12. c3 e5 13. Bc5 Re8 14. Bb5 Bd7 15. Bxd7 Qxd7 16. O-O Rac8 17. Bf2 d4 18. cxd4 exd4 19. Rad1 Red8 20. Bh4 Re8 21. Bf2 Red8 22. Bh4 f6 23. Bf2 f5 24. Bh4 Re8 25.
Bf2 Rcd8 26. Bh4 Rb8 27. Bf2 d3 28. Qxd3 Qxd3 29. Rxd3 Rxb2 30. Bxa7 Rxa2 31. Bf2 Ree2 32. Rd8+ Kf7 33. Rd7+ Kf8 34. Rdd1 Be5 35. g3 Kf7 36. f4 Bc3 37. Rc1 Bd4 38. Rc7+ Ke6 39. Rxh7 Bxf2+ 40. Kg2 Bd4+ 41. Kh1 Kf6 42. Rh3 Ra1 43. Rxa1 Bxa1 44.
Rh8 Bd4 45. Rd8 Rd2 46. Rc8 Ke6 47. Rd8 Ke7 48. Rd5 Bc3 49. Rc5 Bd4 50. Rd5 Be3 51.
Re5+ Kf6 52. Rxe3 Rd1+ 53. Kg2 Rd2+ 54. Kh3 Kg7 55. Re6 Kh6 56. Ra6 Kh5 57. Ra8 Kh6 58. Rh8+ Kg7 59. Rh4 Ra2 60. g4 Ra3+ 61. Kg2 fxg4 62.
Rxg4 Kf6 63. Rg5 Rb3 64. h3 Ra3 65. Rg3 Ra2+ 66. Kf3 Ra3+ 67. Kg4 Ra4 68. Rb3 Kg7 69. Rb5 Kh6 70. Rb6 Ra1 71. Kh4 Ra4 72. Kg4 Ra1 73.
Rb3 Rg1+ 74. Kf3 Kh5 75. Kf2 Rh1 76. Kg2 1-0

[Event "Early-Titled-Tuesday-Blitz-June-18-2024"]
[Site "Chess.com"]
[Date "2024.06.18"]
[Round "11"]
[White "Mysterio47"]
[Black "Gareth-Bale11"]
[Result "1/2-1/2"]
[WhiteElo "2852"]
[BlackElo "2958"]
[TimeControl "180+1"]
[EndTime "10:09:13 PDT"]
[Termination "Game drawn by stalemate"]

1. e4 c5 2. Nf3 Nc6 3. d4 cxd4 4.
Nxd4 Qb6 5. Nb3 Nf6 6. Nc3 e6 7. a3 a6 8. Be3 Qc7 9. f4 Be7 10. Bd3 d6 11. g4 b5 12. g5 Nd7 13. Qd2 Bb7 14. O-O-O Nc5 15. Kb1 Nxd3 16. cxd3 b4 17. axb4 Nxb4 18. Rc1 Qd7 19. Rhf1 a5 20. Bd4 Ba6 21.
Rf3 e5 22. fxe5 dxe5 23. Bxe5 Bxd3+ 24. Ka1 O-O 25. Nd4 Bc4 26. Bxg7 Rfc8 27. Bf6 Bf8 28.
Rd1 a4 29. Nf5 Qxd2 30. Rxd2 h5 31. gxh6 Kh7 32. Bg7 Bc5 33. Bd4 a3 34. Rg3 Bf8 35.
e5 axb2+ 36. Kxb2 Rcb8 37. Ne4 Ra2+ 38. Kc1 Nd5 39. Rxa2 Bxa2 40. Nf6+ Nxf6 41. exf6 Bb1 42. Ne7 Bxh6+ 43. Be3 Bxe3+ 44. Rxe3 Kh6 45. Rg3 Be4 46. Kd2 Rb6 47. Ke3 Rxf6 48. Rh3+ Kg5 49. Kxe4 Re6+ 50.
Kf3 Rxe7 51. Rg3+ Kh6 52. Rg4 f5 53. Rg3 Kh7 54. Kf4 Rf7 55. Rg5 Kh6 56. h3 Kh7 57. Rg3 Kh6 58. Rg5 Rb7 59. Rxf5 Rb4+ 60. Kg3 Rb3+ 61.
Kg4 Rb4+ 62. Rf4 Rxf4+ 63. Kxf4 Kh5 64. Kg3 Kg5 65. h4+ Kh5 66. Kh3 Kh6 67. Kg4 Kg6 68. h5+ Kh6 69. Kh4 Kh7 70. Kg5 Kg7 71. h6+ Kh7 72. Kh5 Kh8 73. Kg6 Kg8 74. h7+ Kh8 75. Kh6 1/2-1/2

[Event "Early-Titled-Tuesday-Blitz-June-18-2024"]
[Site "Chess.com"]
[Date "2024.06.18"]
[Round "11"]
[White "IlanSchnaider"]
[Black "Zq1"]
[Result "1-0"]
[WhiteElo "2790"]
[BlackElo "2494"]
[TimeControl "180+1"]
[EndTime "10:09:13 PDT"]
[Termination "IlanSchnaider won on time"]

1. e4 c5 2. Nf3 d6 3. d4 cxd4 4. Qxd4 a6 5. Be2 e6 6. h3 Nf6 7. O-O Be7 8. Rd1 Nbd7 9. c4 Qc7 10. Nc3 b6 11. Bg5 Bb7 12. Bh4 Ne5 13. Bg3 Nfd7 14. Rac1 O-O 15. b3 Rac8 16. Qe3 Rfe8 17. Nd4 h6 18. f4 Nc6 19. Nxc6 Bxc6 20. Nd5 exd5 21. cxd5 Nc5 22. dxc6 Bf6 23. Bf3 a5 24. Qd2 Nxe4 25.
Bxe4 Rxe4 26. Qxd6 Qxd6 27. Rxd6 Bd4+ 28. Kh2 Bc5 29.
Rd7 Rxc6 30. Rcd1 Re2 31. R1d2 Rxd2 32. Rxd2 f5 33. Rd5 g6 34. Bh4 Rd6 35. Re5 Rd4 36. Bg3 Kf7 37. Bf2 Rxf4 38. Bxc5 bxc5 39. Rxc5 a4 40. Rc7+ Kf6 41. Rc6+ Kg5 42. Rc3 Rf2 43. a3 axb3 44. Rxb3 Ra2 45. Kg3 Kh5 46. Rc3 g5 47.
Rb3 f4+ 48. Kf3 Kh4 49. Rc3 h5 50. Rb3 Ra1 51. Ke4 Rf1 52. a4 Ra1 53. Rb4 Ra2 54.
Kf3 Ra3+ 55. Kf2 Ra2+ 56. Kg1 Ra3 57. Kh2 Ra2 58. Rc4 Rb2 59. a5 g4 60. Rxf4 Ra2 61. Rc4 Kg5 62. hxg4 hxg4 63. Rc5+ Kf6 64. Kg3 Ke6 65. Rb5 Kd6 66. Kxg4 1-0

[Event "Early-Titled-Tuesday-Blitz-June-18-2024"]
[Site "Chess.com"]
[Date "2024.06.18"]
[Round "11"]
[White "SargissyanSargis"]
[Black "BestestBP"]
[Result "0-1"]
[WhiteElo "2413"]
[BlackElo "2286"]
[TimeControl "180+1"]
[EndTime "10:09:13 PDT"]
[Termination "BestestBP won on time"]

1. Nc3 Nf6 2. e4 e5 3. Bc4 c6 4. Nf3 d5 5. Bb3 Bg4 6. h3 Bxf3 7. Qxf3 dxe4 8. Nxe4 Be7 9. d3 Nbd7 10. Be3 O-O 11. O-O Nxe4 12. dxe4 Bc5 13. Bd2 Qe7 14.
Rad1 Rad8 15. Qg3 Kh8 16. Bg5 f6 17. Bc1 Nb6 18. Kh2 a5 19. a4 Bb4 20. c3 Bd6 21. Rd3 Nd7 22. Be3 Bc5 23. Rfd1 Bxe3 24. Qxe3 Nb8 25.
Qb6 Rxd3 26. Rxd3 Rc8 27. Qxa5 h6 28. Qb6 Na6 29. Bc2 Nc5 30. Rd1 Ne6 31. b4 Nf4 32. g3 Ng6 33. Bb3 Nf8 34. Qc5 Qxc5 35. bxc5 Kh7 36.
Kg2 Ra8 37. h4 Kg6 38. g4 h5 39. f3 hxg4 40. fxg4 Kh6 41. Kg3 Ng6 42. Rd7 Nf4 43. Rxb7 Rd8 44. a5 Rd3+ 45. Kf2 Rxc3 46. a6 Rxc5 47.
a7 Ra5 48. Be6 Nd3+ 49. Ke2 Nc5 50. Re7 Nxe6 51. Rxe6 Rxa7 52. Rxc6 Ra3 53. Kf2 Kg6 54. Kg2 Ra2+ 55. Kf3 Ra3+ 56. Kg2 Re3 57. Rc4 Rd3 58. Rb4 Kh6 59. Ra4 g5 60. h5 Rd6 61. Kf3 Rb6 62. Rc4 Rb3+ 63. Kf2 Rb6 64. Rc8 Ra6 65. Rh8+ Kg7 66. Rc8 Ra2+ 0-1

[Event "Early-Titled-Tuesday-Blitz-June-18-2024"]
[Site "Chess.com"]
[Date "2024.06.18"]
[Round "11"]
[White "Defend1r"]
[Black "SuperPower2011"]
[Result "1-0"]
[WhiteElo "2562"]
[BlackElo "2703"]
[TimeControl "180+1"]
[EndTime "10:09:16 PDT"]
[Termination "Defend1r won on time"]

1. e4 c5 2. Nf3 e6 3. Bd3 Nc6 4.
b3 Nf6 5. Bb2 Be7 6. O-O O-O 7.
Re1 d5 8. exd5 exd5 9. Ne5 Nxe5 10. Bxe5 Bg4 11. Be2 Bf5 12. d3 Nd7 13. Bb2 Bf6 14.
Bxf6 Nxf6 15. Nd2 Qc7 16. h3 Rfe8 17. Nf1 h6 18. a4 Re7 19. Bf3 Rae8 20. Rxe7 Qxe7 21.
Qd2 Qe5 22. Rd1 Qd4 23. Ne3 Be6 24. c3 Qf4 25. d4 Rc8 26. dxc5 Rxc5 27. b4 Rc8 28. Nxd5 Nxd5 29. Bxd5 Qxd2 30. Rxd2 Rd8 31. c4 Bxd5 32. cxd5 Kf8 33. d6 Ke8 34. Re2+ Kd7 35.
Re7+ Kc6 36. Rc7+ Kb6 37. Rxf7 Rxd6 38. Rxg7 Rd1+ 39. Kh2 Ra1 40. Rg6+ Kc7 41. a5 Rb1 42. Rg4 Kc6 43. Re4 Kb5 44. f4 Rb2 45. f5 Rf2 46.
Re5+ Kxb4 47. Kg3 Rf1 48. h4 b5 49. axb6 axb6 50. Re6 b5 51. Kg4 Ka4 52. Rxh6 b4 53. Kg5 Ka5 54. Rh8 b3 55. g4 Rf2 56. Rb8 b2 57. f6 Ka6 58. Kg6 Ka7 59. Rb3 Rg2 60. g5 Rf2 61. f7 Ka6 62. Rxb2 Rxb2 63. f8=Q Rb1 64. Qf6+ Ka7 65. Qe7+ Ka6 66. Qd7 Rb6+ 67. Kh5 Rb2 68. Qa4+ Kb7 69. Qe4+ Kc8 70. Qc6+ Kb8 71. Qd6+ Kb7 72. Qd5+ Kc8 73. Qe6+ Kb7 74. Qd7+ Ka8 75. Qc8+ Ka7 76. Qc7+ Ka8 77. Qc6+ Ka7 78. g6 Rg2 79.
Qxg2 1-0

[Event "Early-Titled-Tuesday-Blitz-June-18-2024"]
[Site "Chess.com"]
[Date "2024.06.18"]
[Round "11"]
[White "GM_dmitrij"]
[Black "nihalsarin"]
[Result "1/2-1/2"]
[WhiteElo "3056"]
[BlackElo "3201"]
[TimeControl "180+1"]
[EndTime "10:09:17 PDT"]
[Termination "Game drawn - insufficient material"]

1. e4 c6 2. Nf3 d5 3. Nc3 Bg4 4. d4 e6 5. Be2 Nf6 6. e5 Nfd7 7. O-O Be7 8. Ne1 Bxe2 9. Nxe2 c5 10. c3 Nc6 11.
Be3 O-O 12. Nf4 Qb6 13. Rb1 Rac8 14. Nf3 cxd4 15. cxd4 Qa6 16. a3 Na5 17. h4 Rc7 18.
Nd2 Rfc8 19. Qg4 Nc4 20. Nxc4 Rxc4 21. Nxd5 Bf8 22. Nf4 Qc6 23. Ne2 Nxe5 24. Qg3 Nd7 25. h5 Nf6 26. h6 g6 27. Nc3 Ne4 28. Nxe4 Qxe4 29. Qe5 Qh4 30. b3 R4c6 31. d5 f6 32.
Qb2 exd5 33. Qd2 d4 34. Qxd4 Qxd4 35. Bxd4 Bxh6 36. Rfe1 Bf8 37. a4 a6 38. b4 Kf7 39.
b5 Rc4 40. bxa6 bxa6 41. Rb7+ R8c7 42. Reb1 Bd6 43. Be3 Ke6 44. g3 Rxb7 45. Rxb7 Rxa4 46. Rxh7 Ra2 47. Ra7 a5 48. Ra6 Kd5 49. Bf4 Bxf4 50. gxf4 f5 51. Rxg6 a4 52. Ra6 Ke4 53. Kg2 Kxf4 54.
Ra5 Ra1 55. Ra6 a3 56. Ra4+ Ke5 57. Kf3 Kd5 58. Kf4 Kc5 59. Kxf5 Kb5 60. Ra8 Kb4 61. f4 Rf1 62. Kg5 Kb3 63. f5 a2 64. f6 a1=Q 65.
Rxa1 Rxa1 66. f7 Rf1 67. Kg6 Rxf7 68. Kxf7 1/2-1/2

[Event "Early-Titled-Tuesday-Blitz-June-18-2024"]
[Site "Chess.com"]
[Date "2024.06.18"]
[Round "11"]
[White "Dolphin_2010"]
[Black "evgchess5"]
[Result "1-0"]
[WhiteElo "2780"]
[BlackElo "2917"]
[TimeControl "180+1"]
[EndTime "10:09:17 PDT"]
[Termination "Dolphin_2010 won on time"]

1. d4 Nf6 2. Bg5 e6 3. c4 h6 4. Bf4 d5 5. Nc3 dxc4 6. e3 Nd5 7.
Bxc4 Nxf4 8. exf4 Bd6 9. Nge2 Nd7 10. O-O Nf6 11. g3 c6 12. Rc1 g5 13. Qd2 Nd5 14.
Ne4 Be7 15. Nc5 gxf4 16. Nxf4 Nxf4 17. Qxf4 Bg5 18. Qe5 Bf6 19. Qh5 Kf8 20. Rfd1 Bg7 21. Rc3 Qg5 22. Qe2 h5 23. Rf3 Kg8 24. h4 Qg4 25.
Qe3 Rh6 26. Be2 Qg6 27. Bd3 Qg4 28. Ne4 Bd7 29. Be2 Qg6 30. Bd3 Qg4 31. Kg2 Rd8 32.
Be2 Qg6 33. Bd3 Qg4 34. Rd2 Be8 35. Rf4 Qg6 36. Ng5 f5 37. Bc4 Bf7 38. Re2 Rd6 39. Bb3 Qf6 40. Ne4 Qxd4 41. Nxd6 Qxd6 42. Qxa7 b5 43. Qa8+ Kh7 44. Qb7 Rf6 45. Qc8 c5 46. Qb7 c4 47. Bc2 Bg6 48. Rf3 e5 49. Re1 e4 50.
Rfe3 Rf7 51. Qxb5 Rc7 52. Qa5 Rc5 53. Qa4 Rc7 54. Rd1 Qe5 55. Qb4 f4 56. gxf4 Qxf4 57. Qd6 Be5 58. Qd5 Qh2+ 59. Kf1 Rf7 60. Rd2 Qh1+ 61. Ke2 Qg2 62. Qxf7+ Bxf7 63. Bxe4+ Qxe4 64. Rxe4 Bc3 65. bxc3 1-0

[Event "Early-Titled-Tuesday-Blitz-June-18-2024"]
[Site "Chess.com"]
[Date "2024.06.18"]
[Round "11"]
[White "BirdMaster3000"]
[Black "Prizant_academy"]
[Result "0-1"]
[WhiteElo "2780"]
[BlackElo "2972"]
[TimeControl "180+1"]
[EndTime "10:09:19 PDT"]
[Termination "Prizant_academy won by resignation"]

1. f4 Nc6 2. Nf3 d5 3. e3 Bg4 4. Bb5 Qd7 5. d4 a6 6. Be2 Nf6 7. O-O e6 8. c4 Be7 9. Nbd2 O-O 10. Ne5 Bxe2 11. Qxe2 Qe8 12. b3 Bb4 13. Bb2 Bxd2 14. Qxd2 Ne4 15. Qe2 f6 16. Nd3 Qf7 17. Rac1 Rac8 18. f5 exf5 19. Rxf5 Ne7 20. Rff1 Rfe8 21. Nf4 c6 22. Ba3 Ng6 23. Nd3 Qe6 24. Rc2 Rcd8 25. Rfc1 Ng5 26. Nc5 Qf7 27. Qd3 Ne4 28. Bb4 Nxc5 29. Bxc5 Re4 30. cxd5 Qxd5 31. Rc3 Rde8 32.
Re1 R4e6 33. Qc4 Qe4 34. Bd6 Nh4 35. Re2 Nf5 36. Bf4 Nxd4 37. Rd2 Nf5 38. Qxe4 Rxe4 39. Rd7 R4e7 40. Rcd3 Kf7 41. g4 Rxd7 42. Rxd7+ Re7 43. Rd8 Nxe3 44. Bxe3 Rxe3 45. Rb8 Re7 46. Kf2 Ke6 47. Kf3 Ke5 48. Ke3 c5 49. h3 Kd5+ 50. Kd3 Rf7 51. h4 g6 52. h5 f5 53. gxf5 gxf5 54. Ke3 f4+ 55. Kf3 b5 56. Rd8+ Ke5 57. Ra8 c4 58.
bxc4 bxc4 59. Rxa6 c3 60. Rc6 Kd4 61. Rc8 Kd3 62.
Rd8+ Kc2 63. Rc8 Kb2 64. a4 c2 65. a5 c1=Q 66. Rxc1 Kxc1 67. a6 Kd2 68. a7 Rxa7 69. Kxf4 Ra5 70. Kg4 h6 0-1